 Dungeon Crawl Stone Soup version 0.13.1-23-gc5ac171 (webtiles) character file.

539 Nicoed the Covered (level 7, -1/54 HPs)
             Began as a Human Fighter on Jan 8, 2014.
             Was a Follower of Zin.
             Slain by a phantom (7 damage)
             ... on Level 4 of the Dungeon.
             The game lasted 00:14:34 (4541 turns).

Nicoed the Covered (Human Fighter)                  Turns: 4541, Time: 00:14:34

HP  -1/54        AC  8     Str 21      XL: 7   Next: 21%
MP   6/6         EV  7     Int  8      God: Zin [*.....]
Gold 104         SH 19     Dex 12      Spells:  0 memorised,  6 levels left

Res.Fire  : . . .   See Invis. : .   m - +0 falchion
Res.Cold  : . . .   Warding    : .   b - +0 scale mail
Life Prot.: . . .   Conserve   : .   c - +0 shield
Res.Poison: .       Res.Corr.  : .   (no helmet)
Res.Elec. : .       Clarity    : +   (no cloak)
Sust.Abil.: + .     Spirit.Shd : .   (no gloves)
Res.Mut.  : .       Stasis     : .   q - +0 pair of elf boots
Res.Rott. : .       Flight     : .   (no amulet)
Saprovore : . . .                    (no ring)
                                     f - ring of sustain abilities {unknown}

@: slightly resistant to hostile enchantments, extremely unstealthy
A: clarity, screaming 1, Str +2
a: Recite, Renounce Religion


You were on level 4 of the Dungeon.
You worshipped Zin.
Zin was aware of your devotion.
You were hungry.

You visited 1 branch of the dungeon, and saw 4 of its levels.

You collected 95 gold pieces.
You donated 11 gold pieces.

Inventory:

Hand weapons
 m - a +0,+0 falchion (weapon)
Armour
 b - a +0 scale mail (worn)
 c - a +0 shield (worn)
 q - a +0 pair of elven boots (worn)
Comestibles
 h - 2 oranges
 o - 2 bread rations
 s - an apricot
 u - 2 apples
 x - a choko
Scrolls
 a - a scroll of recharging {unknown}
 d - a scroll of teleportation {unknown}
 g - a scroll of curse armour {unknown}
 j - 2 scrolls of curse weapon {unknown}
 n - a scroll of magic mapping {unknown}
 p - a scroll of identify {unknown}
 r - a scroll of remove curse {unknown}
Jewellery
 f - a ring of sustain abilities (left hand) {unknown}
Potions
 l - a potion of restore abilities {unknown}
 t - a potion of poison {unknown}
 v - a potion of might
 w - a potion of brilliance


   Skills:
 + Level 4.2 Fighting
 + Level 3.5 Long Blades
 + Level 4.5 Armour
 + Level 2.7 Dodging
 + Level 4.2 Shields


You had 6 spell levels left.
You didn't know any spells.

Dungeon Overview and Level Annotations

Branches:
Dungeon (4/27)
 Temple: D:4-7

Altars:
Fedhas
Zin

Annotations:
D:3 Menkaure


Innate Abilities, Weirdness & Mutations

You possess an exceptional clarity of mind.
You occasionally shout uncontrollably.
Your muscles are strong. (Str +2)


Message History

The phantom hits you.
* * * LOW HITPOINT WARNING * * *
There is a stone staircase leading down here.
You can't go up here!
The giant mite bites you but does no damage.
You block the phantom's attack.
You climb downwards.
There is a stone staircase leading up here.
Unknown command.
Unknown command.
You can't go down here!
You slash the giant mite!
The giant mite is almost dead.
The giant mite bites you but does no damage.
You block the phantom's attack. The giant mite bites you.
* * * LOW HITPOINT WARNING * * *
You hit the giant mite.
You kill the giant mite!
The phantom hits you!
You die...

......................
.......................
.......................
.......................
..........#...%.........
.........###.#......)...
##........#.#.#....#...#
##..#p.<### ###...#.#.#
#. ##@## #..#..#..# ###
##########


You could see a phantom.

Vanquished Creatures
  The ghost of Nicoed the Skirmisher, an average HuFi (D:3)
  A crimson imp (D:3)
  A hound (D:4)
  2 orc wizards (D:3)
  Ijyb (D:2)
  Jessica (D:2)
  5 adders (D:3)
  A giant mite (D:4)
  2 worms
  An adder skeleton (D:4)
  10 orcs
  4 ball pythons
  8 bats
  4 goblins
  12 hobgoblins
  5 jackals (D:2)
  10 kobolds
  A quokka (D:2)
  3 giant cockroaches
  5 giant newts
  10 rats
88 creatures vanquished.

Notes
Turn   | Place    | Note
--------------------------------------------------------------
     0 | D:1      | Nicoed, the Human Fighter, began the quest for the Orb.
     0 | D:1      | Reached XP level 1. HP: 18/18 MP: 0/0
    67 | D:1      | Reached XP level 2. HP: 24/24 MP: 1/1
   583 | D:1      | Reached XP level 3. HP: 28/30 MP: 2/2
   893 | D:2      | Noticed Ijyb
   924 | D:2      | Killed Ijyb
   924 | D:2      | Reached skill level 1 in Dodging
  1123 | D:2      | Reached XP level 4. HP: 27/36 MP: 3/3
  1615 | D:2      | Noticed Jessica
  1625 | D:2      | Killed Jessica
  2052 | D:3      | Reached XP level 5. HP: 18/42 MP: 4/4
  2526 | D:3      | Reached XP level 6. HP: 44/48 MP: 5/5
  2624 | D:3      | Noticed Nicoed's ghost (average HuFi)
  2785 | D:3      | Gained mutation: Your muscles are strong. (Str +2) [potion of mutation]
  2785 | D:3      | Gained mutation: You occasionally shout uncontrollably. [potion of mutation]
  2785 | D:3      | Gained mutation: You possess an exceptional clarity of mind. [potion of mutation]
  2788 | D:3      | HP: 1/48 [Nicoed's ghost (9)]
  3252 | D:3      | Reached skill level 4 in Armour
  3453 | D:3      | Killed Nicoed's ghost
  3453 | D:3      | Reached XP level 7. HP: 34/54 MP: 6/6
  3549 | D:3      | Found a blossoming altar of Fedhas.
  4080 | D:4      | Found a glowing silver altar of Zin.
  4094 | D:4      | Became a worshipper of Zin the Law-Giver
  4195 | D:4      | Acquired Zin's first power
  4250 | D:4      | Noticed Menkaure
  4273 | D:3      | HP: 1/54 [Menkaure/nerve-wracking pain (5)]
  4541 | D:4      | Slain by a phantom

Action                   |  1- 3 |  4- 6 |  7- 9 || total
-------------------------+-------+-------+-------++-------
Melee: Falchion          |   113 |   263 |   108 ||   484
  Use: Potion            |       |     4 |     3 ||     7
       Scroll            |       |     3 |     1 ||     4
